 Dungeon Crawl Stone Soup version 0.24.0-28-g17ded55e90 (webtiles) character file.

Game seed: 3388609110489300701, levelgen mode: deterministic

211 Gruesph the Chopper (level 5, -10/48 HPs)
             Began as a Hill Orc Monk on Nov 12, 2019.
             Killed by divine providence
             ... invoked by an orc priest
              (13 damage)
             ... on level 3 of the Dungeon.
             The game lasted 00:10:06 (4063 turns).

Gruesph the Chopper (Hill Orc Monk)                 Turns: 4063, Time: 00:10:06

Health: -10/48     AC:  7    Str: 15    XL:     5   Next: 88%
Magic:  5/5        EV: 10    Int: 10    God:
Gold:   102        SH:  0    Dex: 13    Spells: 4/4 levels left

rFire    . . .     SeeInvis .   a - +0 hand axe
rCold    . . .     Gourm    .   (no shield)
rNeg     . . .     Faith    .   m - +0 scale mail
rPois    .         Spirit   .   (no helmet)
rElec    .         Reflect  .   (no cloak)
rCorr    .         Harm     .   q - +0 pair of gloves
MR       .....                  (no boots)
Stlth    ..........             (no amulet)
HPRegen  0.16/turn              (no ring)
MPRegen  0.09/turn              (no ring)

@: no status effects
A: no striking features
a: Convert to Beogh


You were on level 3 of the Dungeon.
You were not hungry.

You visited 1 branch of the dungeon, and saw 4 of its levels.

You collected 102 gold pieces.

Inventory:

Hand Weapons
 a - a +0 hand axe (weapon)
Missiles
 k - 10 poisoned darts (quivered)
Armour
 m - a +0 scale mail (worn)
 q - a +0 pair of gloves (worn)
Jewellery
 d - an uncursed ring of protection from magic {unknown}
 i - an uncursed ring of wizardry {unknown}
 o - an uncursed ring of resist corrosion {unknown}
 r - an uncursed amulet of the gourmand {unknown}
 u - an uncursed ring of magical power {unknown}
Scrolls
 b - a scroll of magic mapping {unknown}
 e - 4 scrolls of remove curse {unknown}
 f - 3 scrolls of teleportation {unknown}
 g - a scroll of identify {unknown}
 l - a scroll of amnesia {unknown}
 s - 2 scrolls of blinking {unknown}
 t - 2 scrolls of enchant weapon {unknown}
Potions
 h - 2 potions of haste
 j - a potion of mutation {unknown}
 p - a potion of degeneration {unknown}
Comestibles
 c - 4 rations
 n - 4 chunks of flesh


   Skills:
 + Level 5.2 Fighting
 * Level 7.2 Axes
 - Level 2.4 Dodging
 - Level 1.5 Stealth


You had 4 spell levels left.
You didn't know any spells.
Your spell library was empty.

Dungeon Overview and Level Annotations

Branches:
Dungeon (4/15)
 Temple: D:4-7

Altars:
Ru
Wu Jian


Message History

You hit the orc priest but do no damage.
The orc priest is lightly wounded.
The orc priest mumbles some strange prayers to Beogh against you.
Beogh smites you!
You closely miss the orc priest.
The orc priest is lightly wounded.
The orc priest threatens, "By the altar or by the axe, you will meet Beogh!"
The orc priest invokes the aid of Beogh against you.
Pain shoots through your body!
You hit the orc priest.
The orc priest is moderately wounded.
The orc priest invokes the aid of Beogh against you.
Beogh smites you!
* * * LOW HITPOINT WARNING * * *
You hit the orc priest but do no damage.
The orc priest shouts, "Join the one true god or die!"
The orc priest is moderately wounded.
The orc priest invokes the aid of Beogh against you.
Beogh smites you!
You die...

.......#.......................
.......#.......................
.......######..................
...[...# ###########.######+
.....).##### #...........#
#..##......# #.####.####.#
##.##......#######.#.......#.####
##'##.......)).o)#.#.##.##.#.#...
.........#######@#.#.#...#.#.####
.........# #......._.......##
.........# ###.#.#...#.#.#...
.........# #.#.##.##.#.#...
.........# #.#.......#.#...
.........# #.####.####.#...
.........# #...........#...
.........##############.######...
.....>...'............'..........


You could see an orc priest.

Vanquished Creatures
  A worker ant (D:3)
  An adder (D:3)
  10 gnolls
  2 worms (D:2)
  2 dart slugs
  2 leopard geckos (D:3)
  3 orcs (D:3)
  5 ball pythons
  2 giant cockroaches
  9 goblins
  10 hobgoblins
  2 jackals (D:1)
  7 kobolds
  4 bats
  3 frilled lizards
  A quokka skeleton (D:4)
  6 rats
70 creatures vanquished.

Notes
Turn   | Place    | Note
-------+----------+-------------------------------------------
     0 | D:1      | Gruesph the Hill Orc Monk began the quest for the Orb.
     0 | D:1      | Reached XP level 1. HP: 19/19 MP: 1/1
   197 | D:1      | Reached XP level 2. HP: 13/27 MP: 2/2
   700 | D:1      | Reached skill level 5 in Axes
   700 | D:1      | Reached XP level 3. HP: 25/33 MP: 3/3
  1162 | D:2      | Reached XP level 4. HP: 17/41 MP: 4/4
  1691 | D:2      | Reached skill level 6 in Axes
  2674 | D:3      | Reached XP level 5. HP: 37/47 MP: 5/5
  3172 | D:3      | Reached skill level 5 in Fighting
  3299 | D:4      | Found an ornate altar of the Wu Jian Council.
  3299 | D:4      | Noticed an ogre
  3719 | D:3      | Found a sacrificial altar of Ru.
  3747 | D:3      | Reached skill level 7 in Axes
  4062 | D:3      | HP: 2/48 [orc priest/divine providence (15)]
  4063 | D:3      | Killed from afar by an orc priest

Levels and vault maps discovered:
D:1:      psy_arrival_whirlpool, layout_basic, minmay_shallow_snake_nest
D:2:      layout_basic
D:3:      layout_basic, nicolae_ru_sacrificial_ziggurat
D:4:      layout_rooms, overflow_temple_1_default, roderic_lattice_a,
          grunt_ministairs_3, minmay_fractal_squares_gapless_5, uniq_robin

Skill      XL: |  1  2  3  4  5 |
---------------+----------------+-----
Fighting       | 4 5 |  5.2
Axes           | 5 6 7 |  7.2
Dodging        | |  2.4
Stealth        | |  1.5

Action                   |  1- 3 |  4- 6 || total
-------------------------+-------+-------++-------
Melee: Hand axe          |    97 |   219 ||   316
Throw: Dart              |     1 |     7 ||     8
  Use: Potion            |     3 |     3 ||     6
  Eat: Chunk             |     1 |     9 ||    10
Armor: Robe              |     5 |       ||     5
       Ring mail         |    12 |       ||    12
       Scale mail        |     1 |    74 ||    75
Dodge: Dodged            |    49 |    82 ||   131
